cohdb
Replays
Latest Replays
All Replays
Popular Replays
Top Player Replays
Match Explorer
How It Works
Community
CoH3 Stats
Reddit
Sign in to upload your games and track your stats! →
Sign in with Steam
Match 43913129
Unlisted
Match 43913129
Overview
Messages
Build Orders
End
Vickers Machine Gun Team
Construct Section Command Post
Selects Canadian Shock Battlegroup
Infantry Section
ML 3-inch Mortar Team
Grenade Package
Construct Field Infirmary
Selects Attacking Spirit
Construct Platoon Command Post
6-pounder Anti-tank Gun Team
CMP 15cwt Truck
Selects Canadian Shock Section
Humber Armored Car
Selects Incendiary Munitions
Selects Pyrotechnics
Canadian Shock Section
Royal Engineer Section
Unlock Bishop Self-propelled Artillery
Canadian Shock Section
Selects Smoke Operation
Bishop Self-propelled Artillery
Bishop Self-propelled Artillery
Construct Company Command Post
花园宝宝爆你头
Lakina
花海魔术师
B1t
SkyCurv
irbo84
0
0
Comments
sign in to comment!
No comments posted yet!